 Dungeon Crawl Stone Soup version 0.28.0-47-ge53b351184 (webtiles) character file.

Game seed: 2970549854955112173

35 goronesan the Shield-Bearer (level 3, -1/29 HPs)
             Began as a Human Fighter on May 1, 2022.
             Succumbed to a goblin's poison
             ... on level 1 of the Dungeon.
             The game lasted 00:07:53 (838 turns).

goronesan the Shield-Bearer (Human Fighter)          Turns: 838, Time: 00:07:53

Health: -1/29      AC:  6    Str: 18    XL:     3   Next: 55%
Magic:  3/3        EV:  9    Int:  8    God:
Gold:   62         SH:  4    Dex: 12    Spells: 2/2 levels left

rFire   . . .      SeeInvis .   a - +0 long sword
rCold   . . .      Faith    .   c - +0 buckler
rNeg    . . .      Spirit   .   b - +0 scale mail
rPois   .          Reflect  .   (no helmet)
rElec   .          Harm     .   (no cloak)
rCorr   .          Rampage  .   (no gloves)
Will    .....                   (no boots)
Stlth   ..........              (no amulet)
HPRegen 0.09/turn               (no ring)
MPRegen 0.08/turn               (no ring)

@: lethally poisoned (-1 -> -16)
A: no striking features
a: no special abilities


You were on level 1 of the Dungeon.
You visited 1 branch of the dungeon, and saw 1 of its levels.

You collected 62 gold pieces.

Inventory:

Hand Weapons
 a - a +0 long sword (weapon)
Armour
 b - a +0 scale mail (worn)
 c - a +0 buckler (worn)
Scrolls
 e - a scroll of teleportation {unknown}
Potions
 d - a potion of might


   Skills:
 + Level 3.1 Fighting
 + Level 2.3 Long Blades
 + Level 3.4 Armour
 + Level 0.4 Dodging
 + Level 3.5 Shields


You had 2 spell levels left.
You didn't know any spells.
Your spell library contained the following spells:

 Spells                   Type           Power      Damage    Failure   Level
 Summon Guardian Golem    Hex/Summ       0%         N/A       99%         3
 Orb of Destruction       Conj           0%         9d5       100%        7
 Spellforged Servitor     Conj/Summ      0%         N/A       100%        7


Dungeon Overview and Level Annotations

Branches:
Dungeon (1/15)

Altars:


Message History

A rat is nearby!
Found 11 gold pieces.
Found a book of Dangerous Friends.
The rat bites you but does no damage.
You closely miss the rat. The rat misses you.
You slash the rat!
You kill the rat!
You see here a rat corpse.
You pick up a book of Dangerous Friends and begin reading...
You add the spells Summon Guardian Golem, Orb of Destruction and Spellforged Servitor to your library.
You now have 62 gold pieces (gained 11).
A goblin comes into view. It is wielding a +0 dagger of venom.
Found a scroll labelled JEGARGH PUSUBRAHUST.
You completely miss the goblin. The goblin closely misses you.
You barely miss the goblin. You block the goblin's attack.
You barely miss the goblin. The goblin closely misses you.
The goblin hits you but does no damage.
You are poisoned.
You closely miss the goblin.
You feel very sick.
The goblin hits you with a +0 dagger of venom.
You are more poisoned.
You barely miss the goblin.
You feel very sick. The goblin hits you but does no damage.
You are lethally poisoned!
You barely miss the goblin.
You feel very sick. The goblin hits you but does no damage.
You are more poisoned.
You block the goblin's attack.
You hit the goblin.
You kill the goblin!
* * * LOW HITPOINT WARNING * * *
You feel extremely sick.
* * * LOW HITPOINT WARNING * * *
You feel very sick.
Things that are here:
a +0 dagger of venom; a goblin corpse You die...

######### #?...@).#
#.#####.#
#.#####.#######
#.##...........
#.##.##.##############
#.##.##.#............#
#.##.##......#######.#
#####.........†......#
#............#.#.###.#


There were no monsters in sight!

Vanquished Creatures
  A dart slug (D:1)
  A ball python (D:1)
  2 endoplasms (D:1)
  3 giant cockroaches (D:1)
  4 goblins (D:1)
  A hobgoblin (D:1)
  4 jackals (D:1)
  A quokka (D:1)
  6 bats (D:1)
  2 frilled lizards (D:1)
  A kobold (D:1)
  4 rats (D:1)
30 creatures vanquished.

Vanquished Creatures (others)
  2 plants (D:1)
2 creatures vanquished.

Grand Total: 32 creatures vanquished

Notes
Turn   | Place    | Note
-------+----------+-------------------------------------------
     0 | D:1      | goronesan the Human Fighter began the quest for the Orb.
     0 | D:1      | Reached XP level 1. HP: 18/18 MP: 1/1
    91 | D:1      | Reached XP level 2. HP: 20/24 MP: 2/2
   174 | D:1      | Found a faded altar of an unknown god.
   404 | D:1      | Reached XP level 3. HP: 29/29 MP: 3/3
   838 | D:1      | Succumbed to a goblin's poison

Illustrated notes

Levels and vault maps discovered:
D:1:      tarquinn_simple_flora_water_c, layout_loops_ring,
          basic_ecumenical_altar, serial_bayou_ford_a

Action                   || total
-------------------------++-------
Melee: Long sword        ||   100
Armor: Scale mail        ||    59
Dodge: Dodged            ||    58
Block: Buckler           ||    34
